[Event "Titled Tuesday Blitz July 20 2021"]
[White "Tokman, Ariel"]
[Black "Khusnutdinov, Rustam"]
[WhiteFideId "117420"]
[BlackFideId "13701703"]
[WhiteElo "2345"]
[BlackElo "2571"]
[Result "0-1"]
[Round "01"]
[TimeControl "180+1"]
[Date "2021.07.20"]
[WhiteClock "0:00:02"]
[BlackClock "0:00:10"]

1. e4 e6 2. d4 d5 3. Nd2 c5 4. Ngf3 Nc6 5. exd5 exd5 6. Be2 cxd4 7. O-O Bc5 8. Nb3 Bb6 9. Nbxd4 Nf6 10. Bg5 h6 11. Bh4 O-O 12. c3 g5 13. Bg3 Ne4 14. Nxc6 bxc6 15. Nd4 Bd7 16. Bd3 f5 17. Be5 Qe7 18. f4 c5 19. Qh5 Kh7 20. Bxe4 dxe4 21. Nc2 g4 22. g3 Rad8 23. Ne3 c4 24. Bd4 Bxd4 25. cxd4 Be8 26. Qh4 Qxh4 27. gxh4 Rxd4 28. Rac1 Bb5 29. Rc3 Rd3 30. Re1 Kg6 31. Kf2 Rfd8 32. Re2 Rxc3 33. bxc3 Rd3 34. Rc2 Ba4 35. Rb2 Rxc3 36. Rb7 Rd3 37. Rxa7 Bb5 38. Rb7 Be8 39. Rb6+ Kh7 40. Nxf5 Rf3+ 41. Ke2 Rxf4 42. Rb7+ Kg6 43. Ng3 Rf3 44. Rb6+ Kg7 45. Rb7+ Kf6 46. Rb6+ Ke5 47. Rxh6 Ra3 48. Rh8 Rxa2+ 49. Ke3 Ra3+ 50. Ke2 Bf7 51. Rf8 Be6 52. Re8 Ra2+ 53. Ke3 Ra3+ 54. Ke2 c3 55. Nxe4 Kxe4 56. Rxe6+ Kd4 57. Rd6+ Ke4 58. Re6+ Kd5 59. Re8 Kc4 60. Rb8 Ra2+ 61. Kd1 Rxh2 62. Rc8+ Kd3 63. Rd8+ Ke3 64. Rg8 Kf3 65. Rf8+ Kg2 66. Rg8 g3 67. Kc2 Rxh4 68. Kxc3 Kh2 69. Kd3 g2 0-1


[Site "https://www.chess.com"]

[Event "Titled Tuesday Blitz July 20 2021"]
[White "Torkkola, Henri"]
[Black "Tsaruk, Maksim"]
[WhiteFideId "507660"]
[BlackFideId "13511173"]
[WhiteElo "2137"]
[BlackElo "2184"]
[Result "0-1"]
[Round "01"]
[TimeControl "180+1"]
[Date "2021.07.21"]
[WhiteClock "0:00:02"]
[BlackClock "0:00:20"]

1. d4 Nf6 2. Bf4 d5 3. e3 c5 4. Nf3 e6 5. Nbd2 Nc6 6. c3 Bd6 7. Bg3 O-O 8. Bd3 b6 9. e4 Be7 10. e5 Nh5 11. Ng5 Bxg5 12. Qxh5 g6 13. Qe2 cxd4 14. h4 Bh6 15. h5 dxc3 16. bxc3 Bg7 17. Nf3 Qe7 18. Bh4 Qc5 19. Rc1 d4 20. Bf6 dxc3 21. Qe4 Bxf6 22. exf6 Nb4 23. hxg6 fxg6 24. Bc4 Rxf6 25. Rxc3 Nd5 26. Rc2 Qb4+ 27. Kf1 Ba6 28. Ne5 Qb1+ 29. Ke2 Nc3+ 30. Kd3 Qxc2+ 31. Kxc2 Nxe4 32. Bxa6 Rxf2+ 33. Kd3 Nc5+ 34. Ke3 Rf5 35. Nc6 Nxa6 36. Ne7+ Kg7 37. Nxf5+ exf5 38. Rc1 Re8+ 0-1


[Site "https://www.chess.com"]

[Event "Titled Tuesday Blitz July 20 2021"]
[White "Tristan, Leonardo"]
[Black "Shtyka, Sergey"]
[WhiteFideId "113816"]
[BlackFideId "4138465"]
[WhiteElo "2404"]
[BlackElo "2064"]
[Result "1-0"]
[Round "01"]
[TimeControl "180+1"]
[Date "2021.07.21"]
[WhiteClock "0:01:45"]
[BlackClock "0:01:40"]

1. d4 c5 2. c3 b6 3. e4 Bb7 4. Bd3 Nf6 5. Qe2 d6 6. Nf3 Nbd7 7. O-O e5 8. dxe5 Nxe5 9. Nxe5 dxe5 10. Bb5+ Nd7 11. Rd1 Bc8 12. Na3 a6 13. Bc6 Ra7 14. Nc4 f6 15. Nxe5 fxe5 16. Qh5+ g6 17. Qxe5+ Qe7 18. Qb8 1-0


[Site "https://www.chess.com"]

[Event "Titled Tuesday Blitz July 20 2021"]
[White "Tymrakiewicz, Rafal"]
[Black "Tarigan, Gilbert Elroy"]
[WhiteFideId "1108832"]
[BlackFideId "7108133"]
[WhiteElo "2172"]
[BlackElo "1908"]
[Result "0-1"]
[Round "01"]
[TimeControl "180+1"]
[Date "2021.07.21"]
[WhiteClock "0:00:02"]
[BlackClock "0:00:09"]

1. d4 e6 2. Nf3 Nf6 3. Bg5 Be7 4. Nbd2 O-O 5. e3 b6 6. Bd3 Bb7 7. Qe2 d6 8. e4 Nbd7 9. Rd1 Nh5 10. h4 h6 11. Be3 Nhf6 12. g4 Nxg4 13. Rg1 h5 14. Ng5 c5 15. c3 cxd4 16. cxd4 e5 17. Rxg4 hxg4 18. Qxg4 exd4 19. Bxd4 Ne5 20. Bxe5 dxe5 21. Ndf3 Bxg5 22. Nxg5 Qd6 23. Qf5 g6 24. Qg4 Rad8 25. Ke2 Ba6 26. Qg3 Bxd3+ 27. Rxd3 Qxd3+ 28. Qxd3 Rxd3 29. Kxd3 f6 30. Nf3 Kf7 31. Nd2 Rd8+ 32. Ke3 Ke6 33. Nc4 Rh8 34. Na3 Rxh4 35. Nb5 Rh3+ 36. f3 Rh7 0-1


[Site "https://www.chess.com"]

[Event "Titled Tuesday Blitz July 20 2021"]
[White "Vdovin, Vadim"]
[Black "Liu, Manli"]
[WhiteFideId "24107158"]
[BlackFideId "8608121"]
[WhiteElo "2406"]
[BlackElo "2061"]
[Result "0-1"]
[Round "01"]
[TimeControl "180+1"]
[Date "2021.07.21"]
[WhiteClock "0:00:09"]
[BlackClock "0:00:16"]

1. e4 e6 2. d4 d5 3. Nc3 Nf6 4. e5 Nfd7 5. Nce2 c5 6. c3 Nc6 7. Nf3 cxd4 8. cxd4 f6 9. exf6 Nxf6 10. Nc3 Bd6 11. Bd3 O-O 12. O-O a6 13. h3 b5 14. Re1 Qc7 15. Bg5 Bd7 16. Rc1 Rac8 17. Ne5 Qb7 18. Bb1 Rce8 19. Qd3 Nb4 20. Qg3 Re7 21. Qh4 Nc6 22. Nxc6 Bxc6 23. Nd1 h6 24. Be3 Be8 25. Bd2 Bd7 26. Ne3 Rc8 27. Rxc8+ Qxc8 28. Ng4 Nxg4 29. hxg4 Qf8 30. g5 Qf7 31. gxh6 g6 32. Bg5 Re8 33. Re3 Kh7 34. Rf3 Qg8 35. Bf6 Rf8 36. Bg7 Rxf3 37. gxf3 Qf7 38. Qg5 Be7 39. Qg3 Be8 40. a3 a5 41. Kg2 b4 42. axb4 axb4 43. b3 Bf6 44. Qf4 Bxg7 45. Qxf7 Bxf7 46. hxg7 Kxg7 47. f4 Kf6 48. Kf3 Be8 49. Ke3 Bb5 50. Bd3 Bxd3 51. Kxd3 Kf5 52. Ke3 Kg4 0-1


[Site "https://www.chess.com"]

[Event "Titled Tuesday Blitz July 20 2021"]
[White "Vivas Zamora, Fabian Ernesto"]
[Black "Chigaev, Maksim"]
[WhiteFideId "3902480"]
[BlackFideId "4108116"]
[WhiteElo "1966"]
[BlackElo "2646"]
[Result "0-1"]
[Round "01"]
[TimeControl "180+1"]
[Date "2021.07.20"]
[WhiteClock "0:00:01"]
[BlackClock "0:01:30"]

1. c4 g6 2. g3 Bg7 3. Bg2 e5 4. Nc3 Nc6 5. e3 d6 6. Nge2 Nge7 7. O-O Bg4 8. h3 Be6 9. b3 Qd7 10. Kh2 O-O 11. d4 exd4 12. exd4 d5 13. Be3 Rad8 14. Nf4 dxc4 15. Nxe6 Qxe6 16. d5 Qf5 17. Qe1 Ne5 18. Bd4 Nf3+ 19. Bxf3 Bxd4 20. Qxe7 Qxf3 21. Ne4 Rfe8 22. Qxc7 Bxa1 23. Ng5 Qf5 24. h4 Be5 25. Qxb7 cxb3 26. axb3 h6 27. Nh3 Rxd5 0-1


[Site "https://www.chess.com"]

[Event "Titled Tuesday Blitz July 20 2021"]
[White "Volkov, Maksim"]
[Black "Gadimbayli, Abdulla"]
[WhiteFideId "54123070"]
[BlackFideId "13404938"]
[WhiteElo "2406"]
[BlackElo "2749"]
[Result "0-1"]
[Round "01"]
[TimeControl "180+1"]
[Date "2021.07.21"]
[WhiteClock "0:01:08"]
[BlackClock "0:01:51"]

1. d4 d5 2. c4 e5 3. dxe5 d4 4. Nf3 Nc6 5. a3 Nge7 6. e3 Bg4 7. Be2 dxe3 8. Bxe3 Bxf3 9. Bxf3 Nxe5 10. Be2 Qxd1+ 11. Kxd1 O-O-O 12. Kc2 Nf5 13. Nc3 Nxe3+ 14. fxe3 Bc5 15. e4 c6 16. Rad1 Bd4 17. Rhf1 Bxc3 18. Kxc3 Kc7 19. c5 Rhe8 20. b4 a6 21. a4 f6 22. Bh5 Rxd1 23. Rxd1 Re7 24. Re1 Nd7 25. Bg4 Nf8 26. Bf5 Re5 27. Kd4 Kd8 28. Kc4 g6 29. Bg4 Kc7 30. b5 axb5+ 31. axb5 cxb5+ 32. Kxb5 f5 33. Bf3 Ne6 34. Kb4 Nxc5 35. Rc1 Kb6 36. exf5 Nd3+ 0-1


[Site "https://www.chess.com"]

[Event "Titled Tuesday Blitz July 20 2021"]
[White "Vusatiuk, Vladimir"]
[Black "Rahman, Ziaur"]
[WhiteFideId "14118610"]
[BlackFideId "10200037"]
[WhiteElo "2167"]
[BlackElo "2460"]
[Result "0-1"]
[Round "01"]
[TimeControl "180+1"]
[Date "2021.07.21"]
[WhiteClock "0:00:04"]
[BlackClock "0:01:28"]

1. d4 d5 2. c4 e6 3. Nc3 Bb4 4. cxd5 exd5 5. Nf3 Nf6 6. Bg5 h6 7. Bxf6 Qxf6 8. e3 O-O 9. Qb3 c5 10. Qxd5 Nc6 11. Bb5 Be6 12. Qe4 Bf5 13. Qd5 Rad8 14. Qb3 cxd4 15. Bxc6 dxc3 16. Qxb4 cxb2 17. Rb1 Bxb1 18. Bxb7 Bd3 19. Nd2 Rb8 20. f3 Rxb7 21. Qxb7 Qc3 22. Qb3 b1=Q+ 23. Kf2 Qxd2+ 0-1


[Site "https://www.chess.com"]

[Event "Titled Tuesday Blitz July 20 2021"]
[White "Yanchenko, Roman"]
[Black "DominikPedzich"]
[WhiteFideId "4137329"]
[WhiteElo "2762"]
[BlackElo "2408"]
[Result "1/2-1/2"]
[Round "01"]
[TimeControl "180+1"]
[Date "2021.07.21"]
[WhiteClock "0:00:24"]
[BlackClock "0:00:19"]

1. d4 d6 2. Nf3 Nf6 3. Bg5 g6 4. Bxf6 exf6 5. c4 f5 6. Nc3 Bg7 7. e3 O-O 8. g3 c6 9. Bg2 Nd7 10. O-O Nf6 11. Qb3 Re8 12. Rfd1 h6 13. Rac1 Qe7 14. Ne1 Ne4 15. Nd3 Kh7 16. a3 Kh8 17. h4 Kh7 18. Qc2 Kh8 19. Nf4 Kh7 20. b4 a6 21. a4 Be6 22. Nxe4 fxe4 23. Qxe4 Bg4 24. Qxe7 Rxe7 25. Rd2 Bf5 26. b5 axb5 27. axb5 Rc8 28. Rcd1 Rec7 29. Ra2 Bg4 30. Rb1 Bf5 31. Rd1 Bg4 32. Re1 Re7 33. bxc6 bxc6 34. Ra6 Bxd4 35. Rxc6 Rxc6 36. Bxc6 Bc3 37. Rc1 Be5 38. Nd3 Bg7 39. Kg2 Ra7 40. Bd5 Bf5 41. Nf4 Be5 42. Rd1 Kg7 43. Kf3 Ra1 44. Rxa1 Bxa1 45. Be4 Be6 46. Bd5 Bf5 47. Ne2 Bd3 48. Nd4 Bf5 49. Nxf5+ gxf5 50. Ke2 Kf6 51. f4 Bc3 52. Kf3 Be1 53. Bc6 Ke6 54. Bb5 Kf6 55. h5 Ke6 56. Bc6 Kf6 57. e4 fxe4+ 58. Bxe4 Ke6 59. g4 f6 60. Bd5+ Ke7 61. Ke4 Bd2 62. Kf5 Bc1 63. Be4 Bd2 64. Bd5 Bc1 65. Ke4 Bd2 66. Kf3 Bc1 67. Be4 Bd2 68. Bg6 Bc1 69. Bf5 Bd2 70. Ke4 Bc1 71. c5 dxc5 72. g5 fxg5 73. fxg5 Bxg5 74. Kd5 Kf6 75. Bg6 Be3 76. Kc4 Bg5 77. Kxc5 Ke5 1/2-1/2


[Site "https://www.chess.com"]

[Event "Titled Tuesday Blitz July 20 2021"]
[White "Zia, Tahsin Tajwar"]
[Black "Belyakov, Bogdan"]
[WhiteFideId "10211888"]
[BlackFideId "24104795"]
[WhiteElo "1800"]
[BlackElo "2407"]
[Result "0-1"]
[Round "01"]
[TimeControl "180+1"]
[Date "2021.07.21"]
[WhiteClock "0:00:06"]
[BlackClock "0:01:13"]

1. d4 Nf6 2. Bf4 g6 3. Nc3 d5 4. e3 Bg7 5. h4 h6 6. Nf3 c6 7. Be2 O-O 8. h5 g5 9. Bxg5 hxg5 10. h6 Bxh6 11. Rxh6 Kg7 12. Rh1 Rh8 13. Rxh8 Qxh8 14. Nxg5 Qh1+ 15. Kd2 Qxg2 16. Qg1 Qxg1 17. Rxg1 Kf8 18. f4 Bf5 19. Bd3 Bxd3 20. cxd3 Nbd7 21. e4 dxe4 22. dxe4 e6 23. Ke3 Ke7 24. Rh1 Rg8 25. e5 Ne8 26. Rh7 Rg7 27. Rh8 Nf8 28. Nce4 Ng6 29. Rh1 Rg8 30. Rh7 Rg7 31. Rh1 Rg8 32. b4 Rh8 33. Rxh8 Nxh8 34. Nc5 b6 35. Nb3 Nc7 36. a3 Ng6 37. Nh3 Nh4 38. Ke4 Nb5 39. a4 Nc3+ 40. Kd3 Nxa4 41. Kc2 Nf5 42. Ng5 b5 43. Ne4 Nb6 44. Na5 Kd7 45. Nc5+ Kc7 46. Na6+ Kc8 47. Nxc6 Kb7 48. Nd8+ Kxa6 49. Nxf7 Nxd4+ 50. Kd3 Nf5 51. Nd8 Ng7 52. Kd4 Na4 53. f5 Nxf5+ 54. Ke4 Ng7 55. Nc6 Kb6 0-1


[Site "https://www.chess.com"]

[Event "Titled Tuesday Blitz July 20 2021"]
[White "Adelman, Charles"]
[Black "Gelman, Alexander"]
[WhiteFideId "2003597"]
[BlackFideId "4118316"]
[WhiteElo "2340"]
[BlackElo "2375"]
[Result "0-1"]
[Round "02"]
[TimeControl "180+1"]
[Date "2021.07.21"]
[WhiteClock "0:01:21"]
[BlackClock "0:02:00"]

1. Nf3 c5 2. c4 Nf6 3. Nc3 e6 4. g3 d6 5. Bg2 a6 6. O-O Be7 7. d4 cxd4 8. Nxd4 Qc7 9. b3 O-O 10. Bb2 Nbd7 11. Rc1 Ne5 12. h3 Bd7 13. f4 Ng6 14. e4 Rac8 15. Qd2 Qb8 16. g4 h6 17. Rfe1 b5 18. cxb5 axb5 19. a3 b4 20. axb4 Qxb4 21. e5 dxe5 22. fxe5 Bc5 23. exf6 Qxd4+ 24. Qxd4 Bxd4+ 25. Kh1 Bxf6 26. Rcd1 Bxc3 27. Bxc3 Rxc3 28. Rxd7 Rxb3 29. Rc1 Nf4 30. Rc2 Nxh3 0-1


[Site "https://www.chess.com"]

[Event "Titled Tuesday Blitz July 20 2021"]
[White "Ahmadzada, Ahmad"]
[Black "Silich, Yahor"]
[WhiteFideId "13413007"]
[BlackFideId "13513656"]
[WhiteElo "2226"]
[BlackElo "2142"]
[Result "0-1"]
[Round "02"]
[TimeControl "180+1"]
[Date "2021.07.20"]
[WhiteClock "0:00:02"]
[BlackClock "0:00:12"]

1. Nf3 Nf6 2. g3 g6 3. Bg2 Bg7 4. O-O O-O 5. d3 d5 6. b3 c5 7. Bb2 d4 8. e4 Nc6 9. Nbd2 e5 10. a4 Ne8 11. Nc4 Nd6 12. Nfd2 Be6 13. Nxd6 Qxd6 14. Nc4 Qc7 15. Bc1 a6 16. f4 b5 17. f5 bxc4 18. fxe6 fxe6 19. bxc4 Rxf1+ 20. Bxf1 Rf8 21. Bh3 Qf7 22. Qe2 h5 23. Bg5 Kh7 24. Rf1 Qe8 25. Rxf8 Bxf8 26. g4 Bh6 27. Bxh6 Kxh6 28. Qd2+ g5 29. gxh5 Qxh5 30. Bxe6 Qf3 31. Bd5 Nb4 32. a5 Qg4+ 33. Kf2 Qh4+ 34. Kf1 Qf4+ 35. Ke1 Qh4+ 36. Kd1 Na2 37. c3 Nxc3+ 38. Kc2 Qf4 39. Bb7 Qf1 40. Kb3 Qb1+ 41. Qb2 Qxd3 42. Qc2 Qf1 43. Bxa6 Qa1 44. h4 Qxa5 45. hxg5+ Kg6 46. Qf2 Qb4+ 47. Kc2 Qb1+ 48. Kd2 Qb2+ 49. Ke1 Qc1# 0-1


[Site "https://www.chess.com"]

[Event "Titled Tuesday Blitz July 20 2021"]
[White "Albuquerque Junior,Wellington S."]
[Black "Baskin, Robert"]
[WhiteFideId "2151480"]
[BlackFideId "24662402"]
[WhiteElo "2042"]
[BlackElo "2462"]
[Result "0-1"]
[Round "02"]
[TimeControl "180+1"]
[Date "2021.07.21"]
[WhiteClock "0:00:02"]
[BlackClock "0:00:19"]

1. c4 c5 2. g3 g6 3. Bg2 Bg7 4. Nc3 Nc6 5. d3 e6 6. e4 Nge7 7. Nge2 O-O 8. O-O d6 9. Rb1 b6 10. Be3 Nd4 11. b4 Bb7 12. Qd2 Qd7 13. Bh6 Nxe2+ 14. Nxe2 f5 15. Bxg7 Kxg7 16. exf5 Nxf5 17. d4 Bxg2 18. Kxg2 Qb7+ 19. f3 cxb4 20. Rxb4 Rf7 21. c5 dxc5 22. dxc5 Raf8 23. cxb6 Nh4+ 24. Rxh4 Rxf3 25. Qh6+ Kg8 26. Rxf3 Qxf3+ 0-1


[Site "https://www.chess.com"]

[Event "Titled Tuesday Blitz July 20 2021"]
[White "Aldokhin, Ivan"]
[Black "Kamsky, Gata"]
[WhiteFideId "24115720"]
[BlackFideId "2000024"]
[WhiteElo "2306"]
[BlackElo "2644"]
[Result "1-0"]
[Round "02"]
[TimeControl "180+1"]
[Date "2021.07.20"]
[WhiteClock "0:00:09"]
[BlackClock "0:00:07"]

1. e4 c5 2. Nf3 e6 3. d4 cxd4 4. Nxd4 a6 5. Nc3 b5 6. Bd3 Qb6 7. Nb3 Qc7 8. O-O Nc6 9. Bd2 Nf6 10. a4 b4 11. Na2 d5 12. exd5 Nxd5 13. c3 bxc3 14. Nxc3 Ndb4 15. Be4 Bb7 16. Rc1 Rd8 17. Qe2 Qb8 18. Be3 Bd6 19. Qh5 g6 20. Qh6 Bf8 21. Qh4 Be7 22. Qh6 Bf8 23. Qh3 Be7 24. Bh6 f5 25. Bg7 Kf7 26. Bxh8 Rxh8 27. Bf3 h5 28. Ne2 h4 29. Ned4 Nxd4 30. Nxd4 Bf6 31. Bxb7 Qxb7 32. Qe3 Re8 33. Nf3 Kg7 34. Qb3 Qb8 35. Rc4 a5 36. Rfc1 Nd5 37. Qxb8 Rxb8 38. Rc6 Kf7 39. Ra6 Bxb2 40. Rd1 Bc3 41. Nxh4 Nf4 42. Nf3 Kf6 43. h4 Rb4 44. Ng5 Ne2+ 45. Kf1 Rxh4 46. Kxe2 Kxg5 47. Rxe6 Rxa4 48. Rdd6 Ra2+ 49. Kf3 Ra3 50. Rxg6+ 1-0


[Site "https://www.chess.com"]

[Event "Titled Tuesday Blitz July 20 2021"]
[White "Altman, Joshua"]
[Black "Tin, Jingyao"]
[WhiteFideId "426210"]
[BlackFideId "5804418"]
[WhiteElo "1945"]
[BlackElo "2374"]
[Result "0-1"]
[Round "02"]
[TimeControl "180+1"]
[Date "2021.07.21"]
[WhiteClock "0:00:07"]
[BlackClock "0:00:08"]

1. d4 Nf6 2. c4 e6 3. Nf3 d5 4. cxd5 exd5 5. Nc3 c6 6. Bg5 Bf5 7. e3 Be7 8. Bd3 Bxd3 9. Qxd3 O-O 10. O-O Nbd7 11. Rab1 h6 12. Bh4 Ne4 13. Bxe7 Qxe7 14. Nd2 Nd6 15. b4 b5 16. a4 a6 17. a5 Rfe8 18. Nb3 Nc4 19. Nc5 Nxc5 20. dxc5 Qe5 21. Ne2 Re6 22. Nd4 Rf6 23. Rbe1 Re8 24. Re2 h5 25. Rfe1 Qe4 26. Qxe4 Rxe4 27. f3 Re7 28. e4 dxe4 29. Rxe4 Rd7 30. Nc2 Rg6 31. Rd4 Rxd4 32. Nxd4 Kf8 33. Nf5 Rf6 34. Nd4 Nb2 35. Re5 Nd3 36. Rxh5 Nxb4 37. Rh8+ Ke7 38. Rb8 Rf4 39. Rb7+ Ke8 40. Ne2 Rc4 41. Rb8+ Ke7 42. Rb7+ Kf6 43. Ng3 Ke6 44. Ne4 f5 45. Nd6 Rxc5 46. Ne8 Nd3 47. Nxg7+ Kf6 48. Ne8+ Ke6 49. Ng7+ Ke5 50. Re7+ Kf6 51. Ra7 Rc1# 0-1


[Site "https://www.chess.com"]

[Event "Titled Tuesday Blitz July 20 2021"]
[White "Astafurov, Arseniy"]
[Black "Kukhmazov, Arsen"]
[WhiteFideId "24175218"]
[BlackFideId "24108260"]
[WhiteElo "2163"]
[BlackElo "2453"]
[Result "0-1"]
[Round "02"]
[TimeControl "180+1"]
[Date "2021.07.20"]
[WhiteClock "0:00:16"]
[BlackClock "0:01:47"]

1. c4 Nf6 2. Nf3 e6 3. g3 d5 4. Bg2 dxc4 5. Qa4+ Nbd7 6. Qxc4 c5 7. O-O b6 8. d4 Bb7 9. Nc3 Qc8 10. Qa4 Bc6 11. Qb3 Qb7 12. Be3 Be7 13. Rfd1 O-O 14. a4 cxd4 15. Bxd4 Nc5 16. Qc2 Rac8 17. b4 Nce4 18. Nxe4 Bxe4 19. Qb2 Rc2 20. Qb3 Rxe2 21. Re1 Rxe1+ 22. Rxe1 Rc8 23. Qe3 Bd5 24. Rb1 h6 25. Qe1 Bxf3 0-1


[Site "https://www.chess.com"]

[Event "Titled Tuesday Blitz July 20 2021"]
[White "Atanasov, Anthony"]
[Black "Quparadze, Giga"]
[WhiteFideId "2623897"]
[BlackFideId "13602250"]
[WhiteElo "1889"]
[BlackElo "2658"]
[Result "1-0"]
[Round "02"]
[TimeControl "180+1"]
[Date "2021.07.20"]
[WhiteClock "0:00:11"]
[BlackClock "0:01:20"]

1. d4 Nf6 2. Bf4 e6 3. e3 c5 4. Nf3 b6 5. Nbd2 Bb7 6. Nc4 d5 7. Nce5 Nh5 8. Bb5+ Ke7 9. Nxf7 Kxf7 10. Ng5+ Kg8 11. Qxh5 g6 12. Qf3 Qe7 13. Bd6 Qg7 14. Nxe6 Qf7 15. Nxf8 a6 16. Be5 Qxf3 17. gxf3 axb5 18. Bxh8 Kxh8 19. Ne6 c4 20. Nc7 Ra5 21. b4 Ra4 22. c3 Bc6 23. Kd2 Kg7 24. Ne6+ Kf6 25. Nf4 g5 26. Ne2 Nd7 27. h4 Nf8 28. hxg5+ Kxg5 29. Rag1+ Kf6 30. Rh6+ Ng6 31. Nc1 Ra7 32. f4 Kg7 33. Rh5 Kf6 34. Rgh1 Be8 35. Rxh7 Bf7 36. Rg1 Nf8 37. Rh6+ Bg6 38. f3 Kg7 39. Rhxg6+ Nxg6 40. f5 Kf6 41. Rxg6+ Kxf5 42. Rxb6 Rh7 43. Ne2 Rh2 44. Rxb5 Ke6 45. Rc5 Kd6 46. e4 Rh1 47. Rxd5+ Ke6 48. Re5+ Kd6 49. Rc5 Ra1 50. Nc1 Rxa2+ 51. Nxa2 1-0


[Site "https://www.chess.com"]

[Event "Titled Tuesday Blitz July 20 2021"]
[White "Babiy, Olga"]
[Black "Tristan, Leonardo"]
[WhiteFideId "14117258"]
[BlackFideId "113816"]
[WhiteElo "2459"]
[BlackElo "2720"]
[Result "0-1"]
[Round "02"]
[TimeControl "180+1"]
[Date "2021.07.21"]
[WhiteClock "0:00:05"]
[BlackClock "0:00:04"]

1. d4 d5 2. Bf4 Nf6 3. e3 e6 4. Nd2 Bd6 5. Ngf3 O-O 6. c3 b6 7. Bd3 Bb7 8. Ne5 Nfd7 9. Qh5 f5 10. g4 Bxe5 11. dxe5 Nc5 12. Bc2 d4 13. exd4 Bxh1 14. dxc5 g6 15. Qh3 Be4 16. Bxe4 fxe4 17. Bh6 Rf7 18. Nxe4 Qd5 19. Nf6+ Rxf6 20. exf6 Nd7 21. Rd1 Qe4+ 22. Qe3 Qxe3+ 23. Bxe3 Nxf6 24. h3 Nd5 25. c4 Nf6 26. cxb6 axb6 27. a3 Ra4 28. Rc1 Ne4 29. Ke2 Kf7 30. Kd3 Nf6 31. Bf4 c6 32. Be3 Nd7 33. Kc3 b5 34. cxb5 cxb5 35. Kb3 Ke7 36. Rc6 Ra8 37. Rc7 Kd6 38. Rc1 Ne5 39. Rd1+ Kc6 40. Rc1+ Nc4 41. Kb4 Kd5 42. Kb3 Ke4 43. Rc3 Rf8 44. Bc5 Rc8 45. Kb4 Ne5 46. Kxb5 Rb8+ 47. Ka4 Rxb2 48. Bb4 Kd5 49. f4 Nc4 50. Kb5 Nd6+ 51. Ka5 Ne4 52. Rd3+ Kc4 53. Rd7 Rf2 54. Rc7+ Kd5 55. Rxh7 Rxf4 56. Rg7 g5 57. Kb5 Rf3 58. a4 Rxh3 59. a5 Rh1 60. a6 Ra1 61. Ba5 Nd6+ 62. Kb6 Nc4+ 63. Kc7 Rxa5 64. Rxg5+ e5 65. Rg6 e4 66. Rg5+ Ne5 67. Kb7 e3 68. a7 e2 0-1


[Site "https://www.chess.com"]

[Event "Titled Tuesday Blitz July 20 2021"]
[White "Bakalchuk, Johnatan"]
[Black "Walentukiewicz, Michal"]
[WhiteFideId "2810301"]
[BlackFideId "1126903"]
[WhiteElo "2507"]
[BlackElo "1974"]
[Result "1-0"]
[Round "02"]
[TimeControl "180+1"]
[Date "2021.07.21"]
[WhiteClock "0:01:55"]
[BlackClock "0:02:10"]

1. e4 g6 2. d4 Bg7 3. Nc3 c5 4. Be3 cxd4 5. Bxd4 Nf6 6. e5 Ng8 7. Nf3 Nc6 8. Bc4 Nxd4 9. Qxd4 Nh6 10. O-O-O O-O 11. Kb1 d6 12. Qf4 Nf5 13. g4 dxe5 14. Bxf7+ Kxf7 15. Qc4+ Be6 16. Ng5+ Kf6 17. Nce4# 1-0


[Site "https://www.chess.com"]

[Event "Titled Tuesday Blitz July 20 2021"]
[White "Bashirli, Saadat"]
[Black "Yanchenko, Roman"]
[WhiteFideId "13429990"]
[BlackFideId "4137329"]
[WhiteElo "1153"]
[BlackElo "2514"]
[Result "0-1"]
[Round "02"]
[TimeControl "180+1"]
[Date "2021.07.21"]
[WhiteClock "0:01:01"]
[BlackClock "0:02:00"]

1. d4 d5 2. Bg5 Bf5 3. Nf3 c6 4. c4 Qb6 5. Qb3 dxc4 6. Qxb6 axb6 7. Nc3 b5 8. e4 Bg6 9. Be2 e6 10. O-O Nd7 11. b3 Bb4 12. Rfc1 Bxc3 13. Rxc3 cxb3 14. Rxb3 Bxe4 15. Nd2 Bd5 16. Rb2 Ngf6 17. a4 O-O 18. a5 h6 19. Bf4 Nb6 20. Bd6 Rfc8 21. f3 Na4 22. Rc2 Rxa5 23. Bb4 Raa8 24. Nf1 Nb6 25. Rxa8 Rxa8 26. Ne3 Ra1+ 27. Kf2 Nc4 28. Nxc4 Bxc4 29. Bxc4 bxc4 30. Rxc4 Ra4 0-1


[Site "https://www.chess.com"]

[Event "Titled Tuesday Blitz July 20 2021"]
[White "Bazeev, German"]
[Black "Trakru, Rohun"]
[WhiteFideId "24119350"]
[BlackFideId "2097613"]
[WhiteElo "2462"]
[BlackElo "1746"]
[Result "0-1"]
[Round "02"]
[TimeControl "180+1"]
[Date "2021.07.20"]
[WhiteClock "0:00:01"]
[BlackClock "0:00:06"]

1. d4 d5 2. Nf3 Nf6 3. c4 c6 4. Qc2 dxc4 5. e4 b5 6. b3 cxb3 7. axb3 Bb7 8. Bd2 e6 9. Ba5 Qc8 10. Nbd2 Nbd7 11. b4 Be7 12. Bd3 e5 13. dxe5 Ng4 14. e6 fxe6 15. O-O Nde5 16. Nxe5 Nxe5 17. Be2 O-O 18. f4 Nd7 19. e5 a6 20. Bg4 c5 21. Bxe6+ Kh8 22. Nf3 Qc6 23. Bh3 cxb4 24. Qe2 Nc5 25. Qe3 Qe4 26. Qxe4 Nxe4 27. f5 Nc3 28. Kh1 Be4 29. Nd4 Bc5 30. Ne6 Be7 31. Nxf8 Rxf8 32. e6 g6 33. f6 Rxf6 34. Rxf6 Bxf6 35. Bb6 Nd5 36. Rxa6 b3 37. Ra8+ Kg7 38. Ra7+ Kh6 39. Be3+ Nxe3 40. e7 b2 0-1


[Site "https://www.chess.com"]

[Event "Titled Tuesday Blitz July 20 2021"]
[White "Belyakov, Bogdan"]
[Black "LEGENYA1998"]
[WhiteFideId "24104795"]
[WhiteElo "2407"]
[BlackElo "2429"]
[Result "1-0"]
[Round "02"]
[TimeControl "180+1"]
[Date "2021.07.21"]
[WhiteClock "0:01:48"]
[BlackClock "0:00:47"]

1. e4 c6 2. d4 d5 3. e5 Bf5 4. Nd2 e6 5. Nb3 Nd7 6. Nf3 c5 7. dxc5 Qc7 8. Nbd4 Bg6 9. b4 Nxe5 10. Bb5+ Kd8 11. Nxe5 Qxe5+ 12. Be3 a6 13. Ba4 Ne7 14. O-O Nf5 15. Nxf5 Bxf5 16. c4 Kc8 17. cxd5 exd5 18. Re1 Qc7 19. Qxd5 Be6 20. Bg5 h6 21. Rxe6 fxe6 22. Qxe6+ Kb8 23. Bh4 Ka7 24. Rd1 Bxc5 25. bxc5 Qxc5 26. Be7 Qa5 27. Qe3+ Kb8 28. Bd6+ Kc8 29. Rc1+ Kd8 30. Qe7# 1-0


[Site "https://www.chess.com"]

[Event "Titled Tuesday Blitz July 20 2021"]
[White "Bethke, Richard"]
[Black "Liyanage, Ranindu Dilshan"]
[WhiteFideId "12959243"]
[BlackFideId "9915834"]
[WhiteElo "2390"]
[BlackElo "1839"]
[Result "0-1"]
[Round "02"]
[TimeControl "180+1"]
[Date "2021.07.21"]
[WhiteClock "0:00:29"]
[BlackClock "0:01:00"]

1. e4 e5 2. Nf3 Nc6 3. Bc4 Nf6 4. d3 h6 5. O-O d6 6. a4 g5 7. d4 g4 8. dxe5 gxf3 9. exf6 Qxf6 10. g3 Ne5 11. Bb3 h5 12. h4 Bh6 13. Nc3 c6 14. Qd4 Bxc1 15. Raxc1 Rg8 16. Kh1 Qg6 17. Nd1 Qg4 18. Ne3 Qh3+ 19. Kg1 Ng4 20. Bxf7+ Kxf7 21. Qd1 Qh2# 0-1


[Site "https://www.chess.com"]

[Event "Titled Tuesday Blitz July 20 2021"]
[White "Bugayev, Vladimir"]
[Black "Perez Rodriguez, Luis Manuel"]
[WhiteFideId "30901480"]
[BlackFideId "3503364"]
[WhiteElo "2255"]
[BlackElo "2429"]
[Result "0-1"]
[Round "02"]
[TimeControl "180+1"]
[Date "2021.07.21"]
[WhiteClock "0:00:01"]
[BlackClock "0:00:39"]

1. e4 e5 2. Nf3 Nc6 3. d4 exd4 4. Nxd4 Nf6 5. Nxc6 bxc6 6. e5 Qe7 7. Qe2 Nd5 8. h4 a5 9. c4 Nb6 10. b3 a4 11. Bb2 axb3 12. axb3 Qb4+ 13. Nd2 Rxa1+ 14. Bxa1 Qa3 15. Bd4 Bb4 16. Qd1 d5 17. exd6 O-O 18. Be2 Qa2 19. Be3 Re8 20. O-O Rxe3 21. fxe3 Qxd2 22. Qxd2 Bxd2 23. dxc7 Bxe3+ 24. Kh1 Kf8 25. Rd1 Bf4 26. c5 Nd5 27. Bf3 Bxc7 28. Bxd5 cxd5 29. Rxd5 Be6 30. Rd3 Ba5 31. c6 Ke7 32. Kg1 Bf5 33. Rd5 Bb6+ 34. Kh1 Be6 35. Rb5 Bc7 36. b4 Kd6 37. Rg5 g6 38. b5 f5 39. Rg3 Kc5 40. Re3 Kd5 41. Rb3 Bb6 42. Rb1 Kc5 43. Re1 Kd6 44. Rd1+ Kc7 45. Re1 Kd6 46. Rd1+ Bd5 47. Kh2 Be3 48. Kg3 h5 49. Rb1 f4+ 50. Kh2 Bb6 51. Rd1 Ke6 52. Re1+ Be3 53. Rb1 Kd6 54. b6 Bxc6 55. b7 Bxb7 0-1


[Site "https://www.chess.com"]